 Dungeon Crawl Stone Soup version 0.22-a0-161-g198051c (webtiles) character file.

510 wolfsongas the Ruffian (level 7, -3/50 HPs)
             Began as an Octopode Fighter on Feb 10, 2018.
             Slain by a wight
             ... wielding a cursed +2 halberd of freezing
              (6 damage)
             ... on level 4 of the Dungeon.
             The game lasted 00:06:35 (4257 turns).

wolfsongas the Ruffian (Octopode Fighter)           Turns: 4257, Time: 00:06:36

Health: -3/50      AC:  1    Str: 16 (17) XL:     7   Next: 19%
Magic:  7/7        EV: 11    Int: 10 (11) God:
Gold:   259        SH:  9    Dex:  9 (11) Spells: 6/6 levels left

rFire    + . .     SeeInvis .     - Unarmed
rCold    x . .     Gourm    .   a - +1 shield
rNeg     . . .     Faith    .   (helmet restricted)
rPois    .         Spirit   .   (no amulet)
rElec    .         Reflect  .   i - ring of loudness (curse)
rCorr    .         Harm     .   k - ring of fire
MR       .....                  g - ring of stealth
Stlth    ++........             (no ring)
HPRegen  0.16/turn              (no ring)
MPRegen  0.10/turn              (no ring)
                                (no ring)
                                (no ring)

@: drained
A: almost no armour, stealthy swim, amphibious, 8 rings, constrict 8, camouflage
1, gelatinous body 1
a: no special abilities


You were on level 4 of the Dungeon.
You were not hungry.

You visited 1 branch of the dungeon, and saw 5 of its levels.
You also visited: Sewer.

You collected 259 gold pieces.

Inventory:

Armour
 a - a +1 shield (worn)
Jewellery
 g - a ring of stealth (on tentacle)
 i - a cursed ring of loudness (left tentacle)
 k - a ring of fire (right tentacle)
Wands
 l - a wand of acid (10)
Scrolls
 e - a scroll of magic mapping
Potions
 b - a potion of flight
 f - 3 potions of curing
 j - 2 potions of agility
 m - 2 potions of brilliance
Comestibles
 c - 8 rations


   Skills:
 + Level 5.1(4.3) Fighting
 - Level 3.1(2.4) Dodging
 + Level 3.3(2.5) Shields
 + Level 6.0(5.2) Unarmed Combat


You had 6 spell levels left.
You didn't know any spells.

Dungeon Overview and Level Annotations

Branches:
Dungeon (5/15)
 Temple: D:4-7

Altars:


Innate Abilities, Weirdness & Mutations

You cannot wear most types of armour.
You are very stealthy in the water. (Stealth+)
You are amphibious.
You can wear up to eight rings at the same time.
You can use your tentacles to constrict eight enemies at once.
Your skin changes colour to match your surroundings (Stealth+).
Your rubbery body absorbs attacks. (AC +1, EV +1)


Message History

You destroy the wight!
It was a potion of degeneration.
There was something very wrong with that liquid.
You feel weakened.
You feel dopey.
You feel clumsy. You block the wight's attack. The wight barely misses you.
You barely miss the wight. Your grab misses the wight.
You squeeze the wight, but do no damage.
The wight barely misses you.
The wight hits you from afar with a halberd of freezing.
* * * LOW HITPOINT WARNING * * *
You feel drained.
* * * LOW HITPOINT WARNING * * *
The wight freezes you.
* * * LOW HITPOINT WARNING * * *
You feel better. You block the wight's attack.
You barely miss the wight. You grab the wight. You constrict the wight.
The wight hits you from afar with a halberd of freezing!
* * * LOW HITPOINT WARNING * * *
The wight freezes you.
You die...

#.......# #.#.....# #?#.#####
#.......# ###.###.####### ####
#.#.........### ...#
#.#.#.......<..
...################.#.###########
.............zzz@##.#.#.........#
...######.#.#######.#.#.#######.#
...# #.#)# #.#.#.# #.# ...# #.#.#
#(#.#.# #.# ...## #.#.####
#.#...# #.# ....# #.#.#..#
#.###########.# ###.## #.#.#..#
#(............# #..#
#.#.#..################## ##.#
#.#.#...................#


You could see 3 wights.

Vanquished Creatures
  An ogre (D:4)
  A big kobold (Sewer)
  A wight (D:4)
  A hound (D:4)
  A bullfrog skeleton (D:4)
  Terence (D:3)
  2 orc wizards (D:4)
  A worker ant (D:4)
  6 adders
  A river rat (Sewer)
  An ooze (D:1)
  A worm (D:4)
  A dart slug (D:2)
  5 orcs
  4 bats
  6 giant cockroaches
  6 goblins
  9 hobgoblins
  7 jackals
  3 quokkas
  3 ball pythons
  2 frilled lizards
  6 kobolds
  A leopard gecko skeleton (D:4)
  18 rats
89 creatures vanquished.

Notes
Turn   | Place    | Note
-------+----------+-------------------------------------------
     0 | D:1      | wolfsongas the Octopode Fighter began the quest for the Orb.
     0 | D:1      | Reached XP level 1. HP: 16/16 MP: 1/1
    66 | D:1      | Reached XP level 2. HP: 17/21 MP: 2/2
   759 | D:1      | Reached XP level 3. HP: 22/26 MP: 3/3
   892 | D:2      | Reached skill level 3 in Unarmed Combat
  1168 | D:2      | Reached XP level 4. HP: 32/32 MP: 4/4
  2060 | D:3      | Noticed Terence
  2073 | D:3      | Killed Terence
  2073 | D:3      | Reached skill level 4 in Unarmed Combat
  2073 | D:3      | Reached XP level 5. HP: 5/37 MP: 5/5
  2839 | D:4      | Found a glowing drain.
  2855 | Sewer    | Entered a sewer
  2932 | Sewer    | Noticed a big kobold
  2942 | Sewer    | Killed a big kobold
  2942 | Sewer    | Reached XP level 6. HP: 37/44 MP: 6/6
  2965 | Sewer    | Found a glowing silver altar of Zin.
  3057 | D:4      | Reached skill level 5 in Unarmed Combat
  3916 | D:4      | Reached skill level 5 in Fighting
  3916 | D:4      | Reached XP level 7. HP: 17/50 MP: 7/7
  4238 | D:5      | Entered Level 5 of the Dungeon
  4242 | D:4      | Reached skill level 6 in Unarmed Combat
  4257 | D:4      | Slain by a wight

Vault maps used:
D:1:      dpeg_arrival_ternary
D:2:      first_ration, minmay_quantized
D:3:      uniq_terence
D:4:      cheibrodos_sewer_entry_drain
D:5:      minmay_guarded_unrand_vampires_tooth
Sewer:    sewer_kobolds

Skill      XL: |  1  2  3  4  5  6  7 |
---------------+----------------------+-----
Unarmed Combat | 3 4 5 6 |  6.0
Fighting       | 4 5 |  5.1
Dodging        | |  3.1
Shields        | |  3.3

Action                   |  1- 3 |  4- 6 |  7- 9 || total
-------------------------+-------+-------+-------++-------
Melee: Unarmed           |    91 |   116 |     9 ||   216
       Constrict         |    24 |    31 |     3 ||    58
       Tentacles         |    20 |    27 |     3 ||    50
       Punch             |       |     5 |     1 ||     6
  Use: Scroll            |     4 |     6 |       ||    10
       Potion            |       |     7 |     2 ||     9
 Stab: Sleeping          |     3 |     4 |       ||     7
  Eat: Chunk             |     1 |     2 |       ||     3
       Ration            |       |     2 |     1 ||     3
Armor: Skin              |     8 |     4 |       ||    12
Dodge: Dodged            |    38 |    37 |     9 ||    84
Block: Shield            |    29 |    44 |     4 ||    77

Table legend:
 A = Spawn XP
 B = Non-spawn XP
 C = Spawn XP percentage of total XP
 D = Spawn monster count
 E = Non-spawn monster count
 F = Spawn count percentage of total count
 G = Total turns spent on level
                    A         B        C        D         E        F      G
               +---------+---------+-------+---------+---------+-------+---------
         Total |       0 |     729 |   0.0 |       0 |      89 |   0.0 |  4257
               +---------+---------+-------+---------+---------+-------+---------
           D:1 |       0 |      44 |   0.0 |       0 |      26 |   0.0 |   852
           D:2 |       0 |      93 |   0.0 |       0 |      27 |   0.0 |  1053
           D:3 |       0 |      68 |   0.0 |       0 |      11 |   0.0 |   859
           D:4 |       0 |     408 |   0.0 |       0 |      15 |   0.0 |  1304
         Sewer |       0 |     116 |   0.0 |       0 |      10 |   0.0 |   185
               +---------+---------+-------+---------+---------+-------+---------
